 Dungeon Crawl Stone Soup version 0.30.2 (webtiles) character file.

Game seed: 5515250780636465317

19772 Nonny the Covert (level 13, -6/82 HPs)
             Began as a Kobold Brigand on Apr 14, 2024.
             Was a High Priest of Zin.
             Mangled by a five-headed hydra (14 damage)
             ... on level 2 of the Lair of Beasts.
             The game lasted 00:54:07 (11148 turns).

Nonny the Covert (Kobold Brigand)                  Turns: 11148, Time: 00:54:08

Health: -6/82      AC:  9    Str:  9    XL:     13   Next: 7%
Magic:  16/16      EV: 23    Int: 13    God:    Zin [*****.]
Gold:   566        SH: 12    Dex: 20    Spells: 12/12 levels left

rFire   . . .        L - +4 scimitar (flame)
rCold   . . .        E - +0 buckler
rNeg    . . .        J - +0 steam dragon scales
rPois   .            i - +0 helmet
rElec   .            c - +0 cloak
rCorr   .            K - +0 pair of gloves
SInv    .            o - +0 pair of boots
Will    .....        y - amulet of reflection
Stlth   ++++++       p - ring of flight
HPRegen 0.33/turn    (no ring)
MPRegen 0.15/turn

%: reflection
@: flying
A: small, no large weapons, nightstalker 3
a: Renounce Religion, Recite, Vitalisation, Imprison, Sanctuary, Donate Gold


You were on level 2 of the Lair of Beasts.
You worshipped Zin.
Zin was extremely pleased with you.
You visited 3 branches of the dungeon, and saw 13 of its levels.
You also visited: Sewer.

You collected 728 gold pieces.
You spent 90 gold pieces at shops.
You donated 72 gold pieces to Zin.

Inventory:

Hand Weapons
 g - a +2 short sword of venom
 l - a +2 dagger of electrocution
 L - a +4 scimitar of flaming (weapon)
 N - a +0 rapier
Missiles
 d - 40 poisoned darts
 e - 2 curare-tipped darts
 f - 97 stones (quivered)
 C - 9 boomerangs
Armour
 c - a +0 cloak (worn)
 i - a +0 helmet (worn)
 o - a +0 pair of boots (worn)
 E - a +0 buckler (worn)
 J - +0 steam dragon scales (worn)
 K - a +0 pair of gloves (worn)
Jewellery
 p - a ring of flight (left hand)
 y - an amulet of reflection (around neck)
 R - a ring of fire
Wands
 a - a wand of flame (21)
 b - a wand of charming (7)
 M - a wand of iceblast (6)
Scrolls
 h - 4 scrolls of torment {unknown}
 j - 5 scrolls of enchant weapon
 m - 3 scrolls of enchant armour {unknown}
 r - 2 scrolls of amnesia {unknown}
 s - 4 scrolls of silence
 u - a scroll of fear {unknown}
 v - 6 scrolls of noise
 w - 3 scrolls of magic mapping {unknown}
 z - 6 scrolls of teleportation
 A - 3 scrolls of summoning {unknown}
 G - a scroll of acquirement {unknown}
 O - a scroll of fog {unknown}
 Q - a scroll of immolation
Potions
 k - 3 potions of might
 n - 6 potions of curing
 q - 5 potions of flight
 x - a potion of lignification {unknown}
 B - a potion of haste
 D - a potion of brilliance
 H - a potion of mutation {unknown}
 I - a potion of invisibility
 P - a potion of resistance {unknown}
 S - a potion of magic


   Skills:
 + Level 10.1 Fighting
 - Level 10.1 Short Blades
 - Level 5.0 Throwing
 + Level 11.9 Dodging
 - Level 12.0 Stealth
 + Level 8.1 Shields
 - Level 4.0 Invocations
 - Level 5.0 Evocations


You had 12 spell levels left.
You didn't know any spells.
Your spell library contained the following spells:

 Spells                   Type           Power      Damage    Failure   Level
 Magic Dart               Conj           0%         1d3       38%         1
 Sting                    Tmut/Pois      0%         1d3       38%         1
 Blink                    Tloc           0%         N/A       54%         2
 Cigotuvi's Dreadful Rot  Necr/Pois/Air  0%         N/A       54%         2
 Lesser Beckoning         Tloc           0%         N/A       54%         2
 Momentum Strike          Conj/Tloc      0%         3d8       54%         2
 Poisonous Vapours        Pois/Air       0%         N/A       54%         2
 Scorch                   Fire           0%         2d5       54%         2
 Searing Ray              Conj           0%         2d4       54%         2
 Static Discharge         Conj/Air       0%         2-2/arc   54%         2
 Sublimation of Blood     Necr           0%         N/A       54%         2
 Gell's Gravitas          Tloc           0%         N/A       77%         3
 Ozocubu's Armour         Ice            0%         N/A       77%         3
 Summon Guardian Golem    Hex/Summ       0%         N/A       77%         3
 Teleport Other           Tloc           0%         N/A       77%         3
 Flame Wave               Conj/Fire      0%         2d4       99%         4
 Fulminant Prism          Conj/Hex       0%         3d5       99%         4
 Olgreb's Toxic Radiance  Pois           0%         N/A       99%         4
 Petrify                  Tmut/Erth      0%         N/A       99%         4
 Irradiate                Conj/Tmut      0%         3d11      100%        5
 Dispersal                Tloc           0%         N/A       100%        6
 Summon Cactus Giant      Summ           0%         N/A       100%        6
 Orb of Destruction       Conj           0%         9d5       100%        7
 Ozocubu's Refrigeration  Ice            0%         4d7       100%        7
 Spellforged Servitor     Conj/Summ      0%         N/A       100%        7


Dungeon Overview and Level Annotations

Branches:
Dungeon (10/15)            Temple (1/1) D:5            Lair (2/5) D:10
  Sewer (visited)
  Swamp: Lair:2-3    Shoals: Lair:2-3     Snake: Lair:2-3    Spider: Lair:2-3
    Orc: D:9-12

Altars:
Ashenzari
Cheibriados
Dithmenos
Elyvilon
Fedhas
Gozag
Hepliaklqana
Kikubaaqudgha
Makhleb
Nemelex Xobeh
Okawaru
Qazlal
Ru
Sif Muna
Trog
Uskayaw
Vehumet
Wu Jian
Xom
Yredelemnul
Zin
The Shining One

Shops:
D:5 *   D:6 (

Portals:
Trove: D:10 (give +5 ice dragon scales)

Annotations:
D:10 digging vault


Innate Abilities, Weirdness & Mutations

You are small and have problems with some larger weapons.
You are completely attuned to the shadows.


Message History

You hack one of the seven-headed hydra's heads off!
The flame cauterises the wound!
You slash the six-headed hydra! You burn the six-headed hydra!
The six-headed hydra is heavily wounded.
The six-headed hydra misses you. The six-headed hydra barely misses you.
The six-headed hydra completely misses you.
The six-headed hydra closely misses you.
You block the six-headed hydra's attack. x2
Unknown command.
Unknown command.
You hack one of the six-headed hydra's heads off!
The flame cauterises the wound!
You slash the five-headed hydra! You burn the five-headed hydra.
The five-headed hydra is heavily wounded.
The five-headed hydra misses you.
The five-headed hydra closely misses you.
The five-headed hydra bites you! x2
The five-headed hydra completely misses you.
Unknown command.
Unknown command.
The five-headed hydra attacks as you move away!
The five-headed hydra bites you!
* * * LOW HITPOINT WARNING * * *
You block the five-headed hydra's attack.
The five-headed hydra completely misses you.
The five-headed hydra bites you!
* * * LOW HITPOINT WARNING * * *
You block the five-headed hydra's attack.
Okay, then.
You feel better.
The five-headed hydra barely misses you.
The five-headed hydra bites you!
* * * LOW HITPOINT WARNING * * *
You block the five-headed hydra's attack.
The five-headed hydra completely misses you.
The five-headed hydra misses you.
The five-headed hydra attacks as you move away!
You block the five-headed hydra's attack.
The five-headed hydra bites you!
You die...

#.....<.. ## #.........
#. .........# ##
#...>....# #~≈
#......... #~~
#......... #~~
#.....+#.# ###
#...#D.... #
###...#@.... #
#.....#.....
##....P.....
#.#.........
##....#......+### ##
##...#.........#######.
#...##..P##.#.........
##.....................
#......................


You could see a five-headed hydra.

Vanquished Creatures
  Josephine (D:10)
  Erica (D:9)
  A two-headed ogre (D:9)
  Amaemon (D:8)
  A skyshark (Lair:2)
  A deep elf pyromancer (D:8)
  Joseph (D:8)
  An orange demon (D:8)
  A black mamba (Lair:1)
  3 cane toads
  An unseen horror (D:10)
  8 komodo dragons
  6 polar bears (Lair:2)
  A troll (D:9)
  A hornet (D:8)
  3 blink frogs (Lair:1)
  A shadow (D:9)
  4 wraiths (D:10)
  2 wyverns
  A basilisk (Lair:2)
  27 yaks
  Grum (D:10)
  A steam dragon (D:8)
  6 water moccasins
  4 orc warriors
  An ice beast (D:7)
  3 ogres
  5 wolves
  3 centaurs
  3 black bears
  2 phantoms
  5 bullfrogs
  2 kobold brigands (D:8)
  6 scorpions
  3 killer bees (D:8)
  4 howler monkeys
  2 hounds
  3 orc priests
  11 iguanas
  5 orc wizards
  4 hell rats (Lair:1)
  20 adders
  11 river rats
  A shadow imp (D:5)
  An ufetubus (D:5)
  4 worms
  2 dart slugs (D:2)
  34 orcs
  10 endoplasms
  5 giant cockroaches
  13 hobgoblins
  5 jackals
  23 kobolds
  6 quokkas
  13 ball pythons
  11 bats
  26 frilled lizards
  10 goblins
  9 rats
345 creatures vanquished.

Vanquished Creatures (others)
  A rime drake (Lair:1)
1 creature vanquished.

Grand Total: 346 creatures vanquished

Notes
Turn   | Place    | Note
-------+----------+-------------------------------------------
     0 | D:1      | Nonny the Kobold Brigand began the quest for the Orb.
     0 | D:1      | Reached XP level 1. HP: 12/12 MP: 1/1
    52 | D:1      | Starting vault: square space
   137 | D:1      | +2 short sword of venom on kobold northwest of start
   149 | D:1      | Reached XP level 2. HP: 15/17 MP: 2/2
   172 | D:1      | Reached skill level 6 in Stealth
   217 | D:1      | Book of Spatial Translocations northeast of start
   500 | D:1      | Reached XP level 3. HP: 21/21 MP: 3/3
   822 | D:2      | AMIEKOMOLE - identify
   830 | D:2      | GAILEGHAONEO - poison
   993 | D:2      | Butterfly gardens.
  1028 | D:2      | Reached XP level 4. HP: 26/26 MP: 4/4
  1140 | D:2      | HUOMNU WUFILLERUV - enchant weapon
  1276 | D:2      | coppery potion - might
  1345 | D:3      | Reached skill level 5 in Short Blades
  1370 | D:3      | BEXIHU ICHUAB - immolation
  1464 | D:3      | Found a glowing drain.
  1479 | D:3      | Reached XP level 5. HP: 30/30 MP: 5/5
  1520 | D:3      | Sewer entrance in center-south. Ring of flight southwest of
                  | entrance.
  1521 | Sewer    | Entered a sewer
  1917 | Sewer    | Reached XP level 6. HP: 34/35 MP: 6/6
  2043 | D:3      | Found a burning altar of Makhleb.
  2080 | D:3      | Book of Conjurations in northwest corner.
  2257 | D:3      | Found a faded altar of an unknown god.
  2264 | D:3      | Prayed at the altar of an unknown god.
  2264 | D:3      | Became a worshipper of Zin the Law-Giver
  2264 | D:3      | Reached * piety under Zin
  2264 | D:3      | Reached ** piety under Zin
  2381 | D:4      | brown potion - curing
  2410 | D:4      | Noticed a black bear
  2425 | D:4      | Killed a black bear
  2511 | D:4      | Noticed an ogre
  2513 | D:4      | Killed an ogre
  2514 | D:4      | Reached skill level 1 in Invocations
  2514 | D:4      | Reached XP level 7. HP: 40/40 MP: 7/7
  2825 | D:5      | Entered Level 5 of the Dungeon
  2979 | D:5      | Found Picvyr's Elemental Accessories.
  3115 | D:5      | Reached XP level 8. HP: 34/45 MP: 9/9
  3259 | D:5      | Found a staircase to the Ecumenical Temple.
  3275 | Temple   | Entered the Ecumenical Temple
  3400 | Temple   | Temple: forest ovals
  3713 | D:5      | Curious vault.
  3736 | D:5      | Reached *** piety under Zin
  4372 | D:6      | Reached skill level 10 in Short Blades
  4372 | D:6      | Reached skill level 5 in Dodging
  4452 | D:6      | Found a bloodstained altar of Trog.
  4569 | D:6      | Reached skill level 1 in Shields
  4621 | D:6      | Reached skill level 7 in Stealth
  4621 | D:6      | Reached XP level 9. HP: 51/51 MP: 11/11
  4668 | D:6      | Found a stormy altar of Qazlal.
  4708 | D:6      | Found Natag's Antique Weapon Shoppe.
  4891 | D:6      | grey potion - berserk rage
  4892 | D:6      | purple potion - haste
  5015 | D:7      | Reached skill level 8 in Stealth
  5078 | D:7      | Reached **** piety under Zin
  5138 | D:7      | Reached skill level 9 in Stealth
  5152 | D:7      | Found a hazy altar of Hepliaklqana.
  5493 | D:8      | Reached skill level 10 in Stealth
  5528 | D:8      | Reached XP level 10. HP: 58/58 MP: 13/13
  5538 | D:8      | Reached skill level 11 in Stealth
  5571 | D:8      | clear potion - heal wounds
  5840 | D:8      | Noticed a deep elf pyromancer
  5842 | D:8      | Killed a deep elf pyromancer
  5843 | D:8      | Reached skill level 5 in Fighting
  5843 | D:8      | Reached skill level 12 in Stealth
  5900 | D:8      | Noticed Joseph
  5903 | D:8      | Noticed an orange demon
  5914 | D:8      | Noticed Amaemon
  5924 | D:8      | Killed Joseph
  6013 | D:8      | Killed an orange demon
  6057 | D:8      | Reached skill level 5 in Shields
  6062 | D:8      | Killed Amaemon
  6063 | D:8      | Reached XP level 11. HP: 24/66 MP: 14/14
  6080 | D:8      | Found a radiant altar of Vehumet.
  6424 | D:8      | Found an opulent altar of Gozag.
  6636 | D:8      | Found an ancient bone altar of Kikubaaqudgha.
  6966 | D:9      | Got Hermeneutics in Simple Steps
  7116 | D:9      | Found Zin's Purification Station.
  7120 | D:9      | Found a glowing silver altar of Zin.
  7122 | D:9      | Bought a potion of curing for 90 gold pieces
  7211 | D:9      | Noticed a two-headed ogre
  7215 | D:9      | Killed a two-headed ogre
  7216 | D:9      | Reached skill level 1 in Evocations
  7269 | D:9      | Noticed Erica
  7273 | D:9      | Killed Erica
  7634 | D:10     | Entered Level 10 of the Dungeon
  7687 | D:10     | Noticed an ogre mage
  7696 | D:10     | Noticed a boulder beetle
  7706 | D:10     | Noticed a cyclops
  7707 | D:10     | Noticed a boulder beetle
  7718 | D:10     | Found a broken altar of Ashenzari.
  7726 | D:10     | Noticed Grum
  7731 | D:10     | Killed Grum
  7833 | D:10     | Reached ***** piety under Zin
  7904 | D:10     | Found a staircase to the Lair.
  8013 | D:10     | Found a shimmering blue altar of Sif Muna.
  8108 | D:10     | Noticed Josephine
  8115 | D:10     | Killed Josephine
  8332 | D:10     | Found a portal to a secret trove of treasure.
  8455 | D:10     | Reached XP level 12. HP: 37/75 MP: 15/15
  8455 | D:10     | unseen horror
  8728 | D:10     | Found a shimmering altar of Xom.
  8729 | D:10     | Found a shimmering altar of Xom.
  8729 | D:10     | Found a shimmering altar of Xom.
  8731 | D:10     | Found a shimmering altar of Xom.
  8900 | Lair:1   | Entered Level 1 of the Lair of Beasts
  8954 | Lair:1   | Reached skill level 5 in Throwing
  9053 | Lair:1   | Reached skill level 10 in Dodging
  9134 | Lair:1   | SEILUL LEZA - silence
  9235 | Lair:1   | red potion - brilliance
  9300 | Lair:1   | Reached skill level 5 in Evocations
  9636 | Lair:1   | smoky cyan potion - magic
  9764 | Lair:1   | GENEDI KOYXAUWN - teleportation
 10949 | Lair:2   | Reached skill level 10 in Fighting
 11024 | Lair:2   | Reached XP level 13. HP: 82/82 MP: 16/16
 11136 | Lair:2   | Noticed an eight-headed hydra
 11148 | Lair:2   | Mangled by a five-headed hydra

Illustrated notes #.# #####.######### #.............# #.............# #..#######.#..# .##..#.......#..# .....#.......#..# ###..#.......#..# #..#...@......# #..........#..# #..#.......#..#### #..#.......#.....# #..#.......#..##... #..#.#######..# ## #.............# #.............# #########.##### Turn 52 on D:1: Starting vault: square space ### ..# ########.#### #.@.......... #.######.#######. ## #.....##.#....... ...##.....##.#.#S...> #.........)......... ###......######.### ###....######.###### #....##........... #....##........... Turn 137 on D:1: +2 short sword of venom on kobold northwest of start #)#..#.#### #.#.......# #.#.....†.# #.#......... ######### #.#..#.#.... ........# #.#..#.#.... #######.#####.#..#.# ## .†..........†.#..# .######.#######.@# .....##.#........# .....##.#.#S...>## ......)......... .....######.#### #....######.######### #....##.............# #....##.............# .....##..#######.#..# Turn 217 on D:1: Book of Spatial Translocations northeast of start ... ..## .##.##...# ....<..... ..#.#.#.... .....#.... ........... #..##)..... ...#...... #.#.@†... #........ ##....... #....... ........... ........... ...#.?.... ..###.... Turn 822 on D:2: AMIEKOMOLE - identify #..##)..... ...#...... #.#.<†... #........ ###§§§§§§. §§#§§§§§§. .§§§§§§§§§. .§§§§§§§§§. ...#§@§§§§ ..###§§§§§ #§§§§§ ##§§§§ #§§§ Turn 830 on D:2: GAILEGHAONEO - poison #.# #P..#...#..P# #.# #...#...#...# ##.# #.P.#...#P..# #..### #####...##### #....####...........#### #.##....'...........'..# ... ######...........##.# ### #####...######.# #.Pb#.@.#b..##.# #..P#...#bPP #.# #...#...#.. #.# ## #####+#### #.# ##. ######.#######.# #...####..............# ##.##.....############## ......######## ......# ##...## Turn 993 on D:2: Butterfly gardens. #P#.#P####.##.#####........ #.#.#...#..##.#..P#.#...... #b#.#####...#.#####........ #.#.........†.#####..#..... #b#######.................. #P...PPP#...............†.. #########.#.........##..... #.#...>............ #.@............#... ....#.... ..##### ....#.... .. .. ......... ..## #.# .... .... ... ..# .##.##... ....<.... ..#.#.#.. .....#.. Turn 1140 on D:2: HUOMNU WUFILLERUV - enchant weapon #P...PPP#...............†....... #########.#.........##.......... #..P# #.#...>.............†... ##########..............#........ .##........#...........#####..... ...........#......... ......# .##..................## #.##.#.. .##.................... ..##.#.. .##............[@...##.##...# .##.........#..........<..... ##...†...............#.#.#.... #.####.###..............#.... #.# #..###...................... #.# #.##..........#..##)........ ##.# #.##.##.....#.#...#......... #..###.#..##.....#...#.#.<†...... .........####.......##........... Turn 1276 on D:2: coppery potion - might ...# .... .... ....### #...# ....@.##.....## ......#.......# ..<...#.......# ..$...........# ......#......## .....#....)).# .....#......)# ....#.....<.# ##.....## Turn 1370 on D:3: BEXIHU ICHUAB - immolation #..#... ##..##..... ###.....##### #.^...##... .....##.....### #.....###.. .#..............# #.....# #.. ..........#~..#..##.....# ##. ..........~~~~~...#.....# ## ##...†.#~~~~~~~#.#.....##### #.....†~~~~~~~..#.....#.... ####...~~~@~~~....#####.... #####..~~~~~~~..##### #.... ####.....#~~~~~~~#.†...# #.... ...........~~~~~.......# #.... #.........#...#....)..# #.... #................#....# #.... #................#....# #.... #................###### #.... #................# #.... Turn 1520 on D:3: Sewer entrance in center-south. Ring of flight southwest of entrance. ##..... ##...##. #..#†.#. ############..##... #................._ #..........#..##... #.............#..#. #..........##...##. #.@........###..... ############ ###... #....# ##.## #....# #..# #...<# #.## #....#### #.# #.......## #.# #....##..# #.# #....###.#####.# Turn 2080 on D:3: Book of Conjurations in northwest corner. .## ..# .###.#### ........# #@## #.<# ##.# ...# .....# ....<.. Turn 2381 on D:4: brown potion - curing ♣....._.....♣ ♣♣♣♣♣♣♣ ♣...........♣ ♣♣♣♣♣♣♣ ♣.....♣♣♣ ♣♣....⌠....♣♣ ♣♣♣.....♣ .._.....♣♣ ♣♣♣.....♣♣♣ ♣♣....._.. .........♣ ♣♣♣.♣♣♣ ♣......... ...⌠.._..♣ ♣♣.♣♣ ♣.._..⌠... .........♣♣♣♣♣♣...♣♣♣♣♣♣......... ._......♣...♣♣.....♣♣...♣......_. ......♣♣♣♣♣♣....@....♣♣♣♣♣♣...... ♣♣♣♣♣♣♣ ♣♣♣.....♣♣♣ ♣♣♣♣♣♣♣ ♣♣♣♣♣♣♣♣♣♣...♣♣♣♣♣♣♣♣♣♣ ♣♣♣......♣..♣♣♣..♣......♣♣♣ ♣♣......8..♣♣♣ ♣♣♣..8......♣♣ ♣...........♣ ♣...........♣ ♣._...8.....♣ ♣.....8..._.♣ ♣...........♣ ♣...........♣ ♣♣....._...♣♣ ♣♣..._.....♣♣ Turn 3400 on Temple: Temple: forest ovals ...####...# .............##.## ))## ##..## #........#..##..# )#####...##.###......###...### ..#.......#..#........#..### .....####....##......##..## ...### #...#.#....#.#...## ..## #...#).#..#..#..#.# .## ##..#...##...#..### # #...#..@##...#..# #...#..#..#..#..### ##...#.#....# #....# #....#.#....# #..#.# ##.#.##.##..## ##...# ##..#..#.#...# #..## ......## ##..# #.## .............###...## ##.# ..........#...#.....###..# Turn 3713 on D:5: Curious vault.

.....# #.......∩.......### .....#
#......#.#........##
.....##.....##..........#........
.....##8...8##..###.<.......####.
.....# ##_## #..##......#.######.
#'#..##########'##...............
#.#.......................######.
..#....##.#.......#......#######.
................@.........##.....
.###'####.....##..........##..###
.##......##...##.................
..#......##...##.....#####....###
#........##...'.........#.....# #
##.......##...#..#....#.#.#...###
#........##...#..#....#.#........
#........######..#.........<#####
#..........##....#..#.#...#.### #


Turn 4891 on D:6: grey potion - berserk rage .....# #.......∩.......### .....#
#......#.#........## .....##.....##..........#........
.....##8...8##..###.<.......####. .....# ##_## #..##......#.######.
#'#..##########'##............... #.#.......................######.
..#....##.#.......#......#######. ................@.........##.....
.###'####.....##..........##..### .##......##...##.................
..#......##...##.....#####....### #........##...'.........#.....# #
##.......##...#..#....#.#.#...### #........##...#..#....#.#........
#........######..#.........<##### #..........##....#..#.#...#.### # Turn 4892 on
D:6: purple potion - haste .... #..# ####..#### .......... ....@...#
#####.#.#####. #.#.#..... #......... ....#.#.##. #####.#.# #[#.# #.#.# #.#.#
Turn 5571 on D:8: clear potion - heal wounds #).. #.## ... #.# ###.## ### #.#
#.... ..# #.# #.#.####.# #.# #.#...##.# #.# #<.)#.##.# #.# #...#.#.##@#
########.## #####.#....# #......#... #......# #.####.###. ############..#.#
#.####.# #. ..... .......#.######....#.# #. ###.#########.....#....##.#<# #.
#.....##...).÷#.#.#.##.#..#.###. ##.#.#....####)#>................
#..#.#########)###.#.##.#.####### Turn 8455 on D:10: unseen horror
##..+†..##....#...# #P[.+...†.....##..# ##..+...##.#####†.# #..#..+##.####...#
#.####.##...##.P#### #.##........#......# #.#....##...##......
#.##...##...#.).P.P# #.##.@.##...##..#### #..########.#...# #.#..##..####...#
#...............# #####............# #.############ ### Turn 9134 on Lair:1:
SEILUL LEZA - silence .#.##.#..# ### <#.##.#..####.##### .P.##.............#
....#...###..##...# .#.#.##.P#.###.##.### ....................##
##.###....####........ ######.#.## ##.##.#.## #....#...###....@.#.#
....##.[>.........# ....##..... ...#### ..#..#...## ### #######..# .....##..#
#....#...# .....##..# #.#####†.# Turn 9235 on Lair:1: red potion - brilliance
#.###### #.# #.# #.# #.# ##.# #..######## #...##.##.# ### # ##.#..#...###@#.#
#......#.......# ######...#####.# #.### ## ### Turn 9636 on Lair:1: smoky cyan
potion - magic #~####l###≈# ..# #~~#≈.. #≈≈# ... #~~#l####≈≈# #.# l≈≈~≈~≈~≈≈≈#
##.# #~≈≈≈≈.....###..# #~#≈≈####....l..# ~~#### ##.#....# F## #....lF## l
#...#†#@# ≈ #...#.### #.P##.# #.##..# ##.## #...# #..## ############.#
#.#..........# Turn 9764 on Lair:1: GENEDI KOYXAUWN - teleportation

Levels and vault maps discovered:
D:1:      lemuel_arrival_room, layout_basic
D:2:      layout_rooms, serial_aquarium, aquarium_bridge_square
          [aquarium_subvault_bridge, aquarium_subvault_bridge,
          aquarium_subvault_window, aquarium_subvault_wall], aquarium_window_1,
          aquarium_window_fake, aquarium_view_2c, aquarium_pool_four
D:3:      layout_rooms, mainiacjoe_overflow_small_starburst,
          dreamdust_ecumenical_altar_angels_and_demons,
          cheibrodos_sewer_entry_drain
D:4:      layout_rooms
D:5:      layout_layer_cave, minmay_temple_entry_ruins, nicolae_elemental_shop,
          nicolae_half_adder
D:6:      layout_basic, lightli_temple_of_fire, nicolae_overflow_hidden_temple,
          serial_shops, nicolae_shop_crystal
D:7:      layout_gridville, mainiacjoe_overflow_six_doors_small
D:8:      layout_loops_ring, nicolae_gozag_seed_capital, vehumet_crystals,
          mainiacjoe_overflow_alcove_4, uniq_amaemon, uniq_joseph
D:9:      layout_irregular_city, zin_purify, uniq_erica
D:10:     layout_basic, ashenzari_altar_1, mainiacjoe_overflow_paths,
          xom_shifter_show, grunt_lair_entry_orc_guard_hut,
          nicolae_trove_entry_crossroad, minivault_12, uniq_josephine, uniq_grum
Temple:   jpeg_temple_clearing
Lair:1:   lemuel_reptile_caves, layout_loops_ring, kennysheep_abandoned_house
Lair:2:   layout_chaotic_city, elwin_shoals_entry_rooms,
          cheibrodos_lair_lostbears, infiniplex_staircase_pool_2

Skill      XL: |  1  2  3  4  5  6  7  8  9 10 11 12 13 |
---------------+----------------------------------------+-----
Stealth        | 6 7 10 12 | 12.0
Short Blades   | 3 4 5 6 7 8 10 | 10.1
Dodging        | 2 3 4 5 6 8 9 11 | 11.9
Invocations    | 1 2 3 4 |  4.0
Fighting       | 3 4 6 8 10 | 10.1
Shields        | 1 2 5 7 8 |  8.1
Throwing       | 4 5 |  5.0
Evocations     | 4 5 |  5.0

Action                     |  1- 3 |  4- 6 |  7- 9 | 10-12 | 13-15 || total
---------------------------+-------+-------+-------+-------+-------++-------
  Melee: Dagger            |    13 |       |       |    11 |     2 ||    26
         Short sword       |    64 |   141 |   281 |   777 |       ||  1263
         Punch             |       |     1 |     1 |       |       ||     2
         Rapier            |       |       |       |    75 |       ||    75
         Scimitar          |       |       |       |       |     3 ||     3
  Throw: Dart              |     2 |     4 |     4 |    11 |       ||    21
         Stone             |       |       |     1 |     6 |       ||     7
         Boomerang         |       |       |     1 |       |       ||     1
 Invoke: Recite            |       |       |       |     5 |       ||     5
         Vitalisation      |       |       |       |     6 |       ||     6
  Evoke: Wand              |       |       |       |     4 |       ||     4
    Use: Scroll            |     2 |     4 |     3 |     8 |       ||    17
         Potion            |       |       |       |     7 |     1 ||     8
   Stab: Sleeping          |    21 |    30 |    22 |    36 |     2 ||   111
         Distracted        |     1 |       |       |     2 |       ||     3
         Confused          |       |       |       |     3 |       ||     3
 Armour: Robe              |    11 |    15 |    20 |     7 |       ||    53
         Steam dragon scal |       |       |       |    44 |     2 ||    46
  Dodge: Dodged            |    31 |    74 |    94 |   306 |    24 ||   529
  Block: Other             |       |     4 |    22 |       |       ||    26
         Buckler           |       |       |    29 |   281 |     9 ||   319
         Reflection        |       |       |       |     2 |       ||     2
